Map: Abiogenesis LE

Players

eXoBLaZeR - Winner!

  • Race: Terran Terran
  • League: Master
  • Spawn Location: 11:00

Dash

  • Race: Protoss Protoss
  • League: Diamond
  • Spawn Location: 5:00

VOD

Have the link to the VOD?

Description

Time

  • Played on: March 3, 2018, 1:29 a.m.
  • Length: 7:19
Show
View Real Time Build Order
Export as new Build Order

eXoBLaZeR Terran - Winner!

Build Orders: Reaper Expand, MMM Bio 

Get SALT Encoding   

  12  0:01  SCV  
  13  0:13  SCV  
  14  0:17  Supply Depot  
  14  0:25  SCV  
  15  0:30  Refinery  
  15  0:38  SCV  
  16  0:45  Barracks  
  16  0:51  SCV  
  17  1:03  SCV  
  18  1:15  SCV  
  19  1:32  Orbital Command  
  19  1:33  Reaper  
  20  1:48  Command Center  
  20  1:59  Factory  
  20  2:02  SCV  
  21  2:09  Barracks Reactor  
  21  2:13  Refinery  
  21  2:18  Supply Depot  
  21  2:22  SCV  
  22  2:34  SCV  
  23  2:56  Hellion x2  
  23  2:57  SCV  
  28  3:09  Orbital Command  
  28  3:14  Barracks Tech Lab  
  28  3:17  Cyclone x2  
  28  3:18  SCV  
  35  3:25  Supply Depot  
  35  3:30  SCV  
  36  3:35  SCV  
  37  3:42  SCV  
  37  3:47  SCV  
  39  3:53  Stimpack, Marauder  
  39  3:54  SCV  
  42  3:56  Barracks  
  42  3:59  SCV  
  42  4:00  Barracks  
  43  4:06  SCV  
  44  4:11  SCV  
  44  4:12  Refinery  
  44  4:15  Starport, Factory Reactor  
  45  4:20  Marauder  
  39  4:41  SCV  
  39  4:42  SCV  
  40  4:45  Marine x2  
  40  4:46  Marauder  
  40  4:52  Barracks Tech Lab  
  42  5:01  Medivac x2  
  42  5:02  Factory Reactor  
  42  5:03  Supply Depot  
  46  5:07  Marine x2  
  46  5:08  Marauder  
  46  5:09  SCV  
  46  5:10  SCV  
  52  5:17  Supply Depot  
  52  5:19  Combat Shields  
  52  5:21  SCV  
  52  5:22  SCV  
  52  5:26  Supply Depot, Marauder  
  52  5:27  Marine x2  
  58  5:29  Marauder  
  58  5:33  SCV  
  58  5:34  SCV  
  62  5:40  Medivac  
  64  5:43  Medivac  
  64  5:48  Marine x3  
  64  5:49  Supply Depot  
  69  5:50  Widow Mine, Marine  
  69  5:52  Widow Mine  
  69  5:54  Concussive Shells  
  74  6:04  SCV  
  74  6:06  Marine x2  
  74  6:07  SCV  
  82  6:11  Marauder x2  
  82  6:13  Supply Depot  
  82  6:25  Marine x2  
  82  6:29  Widow Mine  
  86  6:34  Supply Depot  
  86  6:35  Marauder x2, Widow Mine  
  92  6:45  Marine x2  
  93  6:57  Marauder  
Show
View Real Time Build Order
Export as new Build Order

Dash Protoss 

Build Orders:  

Get SALT Encoding   

  12  0:01  Probe  
  13  0:13  Probe  
  14  0:17  Pylon  
  14  0:25  Probe (Chrono Boost)  
  15  0:37  Probe (Chrono Boost)  
  15  0:40  Gateway  
  16  0:45  Probe (Chrono Boost)  
  17  0:52  Probe, Assimilator  
  18  1:06  Probe (Chrono Boost)  
  19  1:16  Probe (Chrono Boost)  
  20  1:28  Cybernetics Core  
  20  1:45  Nexus  
  20  1:49  Pylon  
  20  1:51  Probe  
  21  2:04  Gateway  
  21  2:07  Stalker (Chrono Boost)  
  21  2:13  Warp Gate  
  22  2:22  Probe  
  23  2:31  Stalker  
  23  2:34  Probe  
  26  2:50  Probe  
  26  2:56  Assimilator  
  25  2:58  Pylon, Stalker  
  25  3:01  Stalker  
  25  3:02  Probe  
  30  3:13  Probe  
  30  3:14  Probe  
  32  3:24  Twilight Council  
  32  3:28  Probe  
  32  3:33  Shield Battery  
  33  3:43  Probe  
  33  3:48  Probe  
  33  3:55  Probe  
  35  4:00  Probe (Chrono Boost)  
  35  4:01  Assimilator  
  36  4:08  Gateway, Probe (Chrono Boost)  
  37  4:12  Probe (Chrono Boost)  
  39  4:17  Probe (Chrono Boost)  
  39  4:18  Probe (Chrono Boost)  
  40  4:24  Stalker  
  40  4:29  Stalker  
  40  4:37  Blink (Chrono Boost)  
  36  4:42  Probe x2  
  36  4:47  Gateway  
  36  4:48  Gateway  
  36  4:52  Pylon  
  36  4:54  Probe  
  37  5:02  Forge  
  37  5:06  Forge  
  37  5:10  Stalker, Assimilator  
  37  5:12  Sentry  
  41  5:19  Probe  
  41  5:25  Probe  
  42  5:31  Probe  
  43  5:38  Probe  
  44  5:43  Probe  
  45  5:50  Nexus, Probe  
  45  5:55  Probe  
  45  5:56  Sentry  
  49  5:59  Zealot  
  49  6:02  Probe  
  52  6:05  Stalker  
  52  6:07  Probe  
  55  6:25  Pylon  
  55  6:26  Probe  
  55  6:28  Stalker x2  
  55  6:30  Zealot  
  62  6:34  Pylon  
  62  6:39  Pylon  
  62  6:46  Zealot x2  
  64  6:54  Stalker  
  64  6:55  Stalker  
  64  7:10  Zealot x2  
Tags
 
Composition
MMM Bio
Matchup
PvT
Spawn Locations
Cross Positions
Add a new tag
Caveats
  • Supply blocks, unpowered buildings, or Contaminate may cause inaccurate times.
  • Supply counts are checked every 10 seconds.